 Dungeon Crawl Stone Soup version 0.28.0-43-g3370ac3207 (webtiles) character file.

Game seed: 13369963314070256194

72 Peloso the Shield-Bearer (level 4, -4/40 HPs)
             Began as a Minotaur Fighter on Mar 21, 2022.
             Killed by divine providence
             ... invoked by an orc priest
              (12 damage)
             ... on level 4 of the Dungeon.
             The game lasted 00:02:10 (2600 turns).

Peloso the Shield-Bearer (Minotaur Fighter)         Turns: 2600, Time: 00:02:10

Health: -4/40      AC:  9    Str: 20    XL:     4   Next: 7%
Magic:  3/3        EV:  9    Int:  5    God:
Gold:   125        SH:  5    Dex: 12    Spells: 3/3 levels left

rFire   . . .      SeeInvis .   a - +0 long sword
rCold   . . .      Faith    .   c - +0 buckler
rNeg    . . .      Spirit   .   b - +0 scale mail
rPois   .          Reflect  .   (helmet restricted)
rElec   .          Harm     .   o - +0 cloak
rCorr   .          Rampage  .   (no gloves)
Will    .....                   m - +0 pair of boots
Stlth   ..........              (no amulet)
HPRegen 0.13/turn               (no ring)
MPRegen 0.08/turn               (no ring)

@: no status effects
A: horns 2, retaliatory headbutt
a: no special abilities


You were on level 4 of the Dungeon.
You visited 1 branch of the dungeon, and saw 4 of its levels.

You collected 125 gold pieces.

Inventory:

Hand Weapons
 a - a +0 long sword (weapon)
Armour
 b - a +0 scale mail (worn)
 c - a +0 buckler (worn)
 m - a +0 pair of boots (worn)
 o - a +0 cloak (worn)
Scrolls
 e - 2 scrolls of fog {unknown}
 h - 2 scrolls of identify {unknown}
 i - a scroll of enchant weapon {unknown}
 j - 2 scrolls of blinking {unknown}
 l - 2 scrolls of vulnerability {unknown}
 n - a scroll of brand weapon {unknown}
Potions
 d - 3 potions of might
 f - a potion of curing {unknown}
 g - a potion of brilliance {unknown}
 k - a potion of heal wounds {unknown}
 p - a potion of resistance {unknown}
 q - a potion of invisibility {unknown}


   Skills:
 + Level 4.1 Fighting
 + Level 3.2 Long Blades
 + Level 4.3 Armour
 + Level 0.1 Stealth
 + Level 4.6 Shields


You had 3 spell levels left.
You didn't know any spells.
Your spell library contained the following spells:

 Spells                   Type           Power      Damage    Failure   Level
 Animate Skeleton         Necr           0%         N/A       88%         1
 Apportation              Tloc           0%         N/A       88%         1
 Magic Dart               Conj           0%         1d3       88%         1
 Summon Small Mammal      Summ           0%         N/A       88%         1
 Searing Ray              Conj           0%         2d4       96%         2
 Gell's Gravitas          Tloc           0%         N/A       99%         3
 Teleport Other           Tloc           0%         N/A       99%         3
 Fulminant Prism          Conj/Hex       0%         3d6       100%        4
 Dispersal                Tloc           0%         N/A       100%        6


Dungeon Overview and Level Annotations

Branches:
Dungeon (4/15)
 Temple: D:4-7

Altars:
Ashenzari
Fedhas
Wu Jian


Innate Abilities, Weirdness & Mutations

You have a pair of horns on your head.
You reflexively headbutt those who attack you in melee.


Message History

An orc priest comes into view. It is wielding a +1 vampiric dagger.
You hit the orc.
The orc is severely wounded.
The orc hits you with a +0 falchion.
An orc comes into view. It is wielding a +0 morningstar.
You barely miss the orc.
The orc is severely wounded.
The orc shouts!
The orc hits you with a +0 falchion.
The orc priest looks encouraged for a moment.
The hound bites you but does no damage. x2
You slash the orc!
You kill the orc!
The hound closely misses you. You furiously retaliate!
You headbutt the hound!
The hound bites you. x2; The hound bites you but does no damage.
The hound closely misses you. The hound bites you but does no damage.
The orc priest invokes the aid of Beogh against you.
Pain shoots through your body!
Things that are here:
a +0 falchion; a +0 leather armour Unknown command.
The hound bites you. You block the hound's attack.
The hound closely misses you. You furiously retaliate!
You headbutt the hound. The hound bites you but does no damage.
The hound bites you but does no damage.
The hound closely misses you. x2; You furiously retaliate!
You headbutt the hound. The hound bites you. The hound bites you.
The orc priest begins to cast a cantrip, but forgets the words!
The hound bites you but does no damage. The hound bites you but does no damage.
The hound bites you. The hound bites you but does no damage.
You see here 30 bolts.
The hound barely misses you. You furiously retaliate!
You headbutt the hound. The hound bites you but does no damage.
The orc hits you with a +0 morningstar!
* * * LOW HITPOINT WARNING * * *
The orc priest calls down the wrath of Beogh upon you.
Beogh smites you!
You die...

..# ..## ...##
....######
.........###
##.........####
#####.........###
# ##......o..o###
##....####h@(####
#...## ###h...#
#.o.# ######
#..## #..# #..# #
#.)# # #...# ##
#....


You could see 2 hounds, an orc priest and an orc.

Vanquished Creatures
  2 adders (D:2)
  A worm (D:3)
  A dart slug (D:2)
  7 orcs
  6 endoplasms
  3 giant cockroaches
  3 hobgoblins
  A kobold (D:1)
  2 quokkas
  4 ball pythons
  3 bats (D:1)
  A frilled lizard (D:3)
  3 goblins
  4 rats
41 creatures vanquished.

Notes
Turn   | Place    | Note
-------+----------+-------------------------------------------
     0 | D:1      | Peloso the Minotaur Fighter began the quest for the Orb.
     0 | D:1      | Reached XP level 1. HP: 19/19 MP: 0/0
   258 | D:1      | Reached XP level 2. HP: 27/27 MP: 1/1
   766 | D:1      | Found a faded altar of an unknown god.
   878 | D:2      | Reached XP level 3. HP: 26/33 MP: 2/2
  1858 | D:3      | Found an ornate altar of the Wu Jian Council.
  1859 | D:3      | Found a blossoming altar of Fedhas.
  1860 | D:3      | Found a broken altar of Ashenzari.
  2006 | D:3      | Reached XP level 4. HP: 40/40 MP: 3/3
  2600 | D:4      | Killed from afar by an orc priest

Illustrated notes

Levels and vault maps discovered:
D:1:      nicolae_arrival_somewhat_less_tricky_arrival, layout_loops_ring,
          dreamdust_ecumenical_altar_angels_and_demons
D:2:      layout_loops_ring, serial_bayou_pond_e
D:3:      layout_loops_corners, grunt_temple_overflow_open
D:4:      layout_layer_cave, minmay_mini_jars

Skill      XL: |  1  2  3 |
---------------+----------+-----
Shields        | 4 |  4.6
Fighting       | 4 |  4.1
Armour         | 4 |  4.3
Long Blades    | 3 |  3.2
Stealth        | |  0.1

Action                   |  1- 3 |  4- 6 || total
-------------------------+-------+-------++-------
Melee: Long sword        |    83 |     6 ||    89
       Headbutt          |    13 |       ||    13
Armor: Scale mail        |    43 |    11 ||    54
Dodge: Dodged            |    37 |    10 ||    47
Block: Buckler           |    17 |     2 ||    19
